[Event "Titled Tuesday Blitz March 08 Late 2022"]
[White "orkinyo12345"]
[Black "Bluebaum, Matthias"]
[BlackFideId "24651516"]
[WhiteElo "2485"]
[BlackElo "2550"]
[Result "1-0"]
[Round "01"]
[TimeControl "180+1"]
[Date "2022.03.08"]
[WhiteClock "0:00:18"]
[BlackClock "0:00:28"]

1. c4 e6 2. Nc3 d5 3. d4 Nf6 4. cxd5 exd5 5. Bg5 c6 6. e3 h6 7. Bh4 Be7 8. Bd3 O-O 9. Nf3 Re8 10. O-O Ne4 11. Bxe7 Qxe7 12. Qc2 Bf5 13. Na4 Nd7 14. b4 a6 15. Nc5 Nb6 16. a4 Rac8 17. a5 Na8 18. Nd2 Nxd2 19. Qxd2 Bxd3 20. Qxd3 Rb8 21. Rfe1 Nc7 22. e4 dxe4 23. Rxe4 Qd8 24. Rae1 Rxe4 25. Qxe4 Nd5 26. Qf5 Nxb4 27. Re4 Qxa5 28. h4 b6 29. Rg4 Kh8 30. Qxf7 Rg8 31. Ne6 Qa1+ 32. Kh2 Qb1 33. Rxg7 Rc8 34. Qf6 Nd5 35. Rg8+ Kxg8 36. Qg7# 1-0


[Site "https://www.chess.com"]

[Event "Titled Tuesday Blitz March 08 Late 2022"]
[White "Al-Tarboush, Ward"]
[Black "Oparin, Grigoriy"]
[WhiteFideId "7601450"]
[BlackFideId "24125890"]
[WhiteElo "2276"]
[BlackElo "2665"]
[Result "0-1"]
[Round "02"]
[TimeControl "180+1"]
[Date "2022.03.08"]
[WhiteClock "0:00:02"]
[BlackClock "0:00:54"]

1. e4 c5 2. Nf3 d6 3. d4 cxd4 4. Nxd4 Nf6 5. Nc3 Nc6 6. Bg5 e6 7. Qd2 Qb6 8. Nb3 a6 9. O-O-O Be7 10. f4 h6 11. Bxf6 Bxf6 12. Qxd6 Be7 13. Qd2 Qc7 14. Bd3 b5 15. e5 Bb7 16. Ne4 O-O 17. Nd6 Rfd8 18. Nc5 Nxe5 19. fxe5 Qxc5 20. Nxb7 Qxe5 21. Qe2 Qg5+ 22. Kb1 Rdc8 23. Qe4 g6 24. h4 Qf5 25. Qxf5 gxf5 26. g4 fxg4 27. Rde1 Ra7 28. Be4 Rc7 29. Na5 Bb4 30. Nc6 Bxe1 31. Nxa7 Bf2 32. Nc6 f5 33. Bg2 Kg7 34. Rf1 Bxh4 35. Nd4 Kf6 36. c3 Bg5 37. Ne2 h5 38. Ng3 h4 39. Ne4+ Kg6 40. Nf2 Rd7 41. Bc6 Rd6 42. Be8+ Kg7 43. Bh5 h3 44. Nxg4 fxg4 45. Bxg4 h2 46. Rh1 Rd2 47. Bxe6 Kf6 48. Bc8 a5 49. Bb7 Bf4 50. Rf1 Kg5 51. Re1 b4 52. cxb4 axb4 53. a4 Kf6 54. a5 Be5 55. Rf1+ Ke6 56. a6 Rxb2+ 57. Kc1 Ra2 58. Kd1 b3 59. Rh1 Kd6 60. a7 Rxa7 61. Rxh2 Bxh2 0-1


[Site "https://www.chess.com"]

[Event "Titled Tuesday Blitz March 08 Late 2022"]
[White "Antonova, Nadezhda"]
[Black "Garagulya, Konstantin"]
[WhiteFideId "14700182"]
[BlackFideId "4128931"]
[WhiteElo "1751"]
[BlackElo "2329"]
[Result "1-0"]
[Round "02"]
[TimeControl "180+1"]
[Date "2022.03.09"]
[WhiteClock "0:00:07"]
[BlackClock "0:00:05"]

1. Nf3 Nf6 2. b3 e6 3. Bb2 d5 4. g3 a5 5. Bg2 a4 6. O-O a3 7. Bc1 b5 8. c3 c5 9. d3 b4 10. cxb4 cxb4 11. Bg5 h6 12. Bxf6 Qxf6 13. Nbd2 Bb7 14. Rc1 Bd6 15. e4 Nd7 16. Re1 O-O 17. d4 dxe4 18. Nxe4 Qe7 19. Nxd6 Qxd6 20. Ne5 Bxg2 21. Kxg2 Rfc8 22. Nc4 Qd5+ 23. Qf3 Nf6 24. Nb6 Qxf3+ 25. Kxf3 Rxc1 26. Rxc1 Rd8 27. Rc4 Rb8 28. Rxb4 Kf8 29. Nd5 Rc8 30. Nxf6 gxf6 31. Ra4 Rc3+ 32. Kg2 Rd3 33. Rxa3 Rxd4 34. Ra7 f5 35. Rb7 h5 36. h4 f4 37. a4 fxg3 38. Kxg3 Ke8 39. f3 f5 40. a5 f4+ 41. Kg2 Rd2+ 42. Kf1 Ra2 43. b4 e5 44. Ra7 Kd8 45. b5 Kc8 46. a6 Rb2 47. Rb7 e4 48. fxe4 f3 49. e5 Ra2 50. e6 Kd8 51. e7+ Ke8 52. a7 Kf7 53. b6 Ra1+ 54. Kf2 Ra2+ 55. Kxf3 Ra3+ 56. Kf4 Ra4+ 57. Kf5 Ra5+ 58. Kf4 Ra4+ 59. Kg5 Ra5+ 60. Kh6 Ra4 61. Kxh5 Ra5+ 62. Kh6 Ra4 63. h5 Ra5 64. Rb8 1-0


[Site "https://www.chess.com"]

[Event "Titled Tuesday Blitz March 08 Late 2022"]
[White "Ardila, Oscar Humberto"]
[Black "Maze, Sebastien"]
[WhiteFideId "4404742"]
[BlackFideId "613762"]
[WhiteElo "1966"]
[BlackElo "2430"]
[Result "0-1"]
[Round "02"]
[TimeControl "180+1"]
[Date "2022.03.09"]
[WhiteClock "0:00:01"]
[BlackClock "0:00:17"]

1. d4 Nf6 2. c4 g6 3. Nc3 Bg7 4. e4 O-O 5. Nf3 d6 6. Be2 Na6 7. O-O e5 8. d5 Nc5 9. Qc2 a5 10. b3 Nh5 11. Bg5 f6 12. Be3 f5 13. Bg5 Bf6 14. Bh6 Rf7 15. Nd2 Nf4 16. Bxf4 exf4 17. a3 Bxc3 18. Qxc3 Nxe4 19. Qc2 Nf6 20. Nf3 h6 21. Bd3 c5 22. dxc6 bxc6 23. Rad1 c5 24. Rfe1 Bb7 25. Nh4 Rg7 26. Qd2 Ne4 27. Bxe4 fxe4 28. g3 fxg3 29. hxg3 Ra6 30. Ng2 a4 31. b4 cxb4 32. axb4 a3 33. Ra1 Qb6 34. Ne3 Rf7 35. Rec1 Qd8 36. b5 Ra8 37. Rc3 Qg5 38. Rcxa3 Raf8 39. Rf1 h5 40. Qxd6 h4 41. c5 Rf6 42. Qc7 R6f7 43. Qd6 Rf3 44. Nd5 Bxd5 45. Rxf3 Rxf3 46. c6 hxg3 47. Qb8+ Kg7 48. fxg3 Rxg3+ 49. Kh2 Qh4# 0-1


[Site "https://www.chess.com"]

[Event "Titled Tuesday Blitz March 08 Late 2022"]
[White "Bacrot, Etienne"]
[Black "Jacobson, Aaron"]
[WhiteFideId "605506"]
[BlackFideId "2089912"]
[WhiteElo "2673"]
[BlackElo "2265"]
[Result "1-0"]
[Round "02"]
[TimeControl "180+1"]
[Date "2022.03.08"]
[WhiteClock "0:00:09"]
[BlackClock "0:00:07"]

1. d4 d5 2. Nf3 c5 3. dxc5 e6 4. Nc3 Nf6 5. e4 Bxc5 6. exd5 Qb6 7. Bb5+ Bd7 8. Bxd7+ Nbxd7 9. O-O O-O 10. dxe6 Qxe6 11. Bg5 h6 12. Bxf6 Nxf6 13. Qe2 Qb6 14. Na4 Qb4 15. Nxc5 Qxc5 16. c3 a5 17. Rad1 Rfe8 18. Qc2 a4 19. a3 b5 20. h3 Nh5 21. Rd4 Ra6 22. Qd3 Nf6 23. Rd1 Rae6 24. Rd8 Ne4 25. Rd4 Nf6 26. Rd8 Ne4 27. Rxe8+ Rxe8 28. Qd4 Qxd4 29. Nxd4 Nd6 30. Kf1 Nc4 31. Nxb5 Rb8 32. Rd4 Nxb2 33. Nd6 Rb3 34. Rd2 Kf8 35. Nf5 Kg8 36. Ne3 g6 37. g3 f5 38. h4 Kf7 39. Ke2 Kf6 40. Rc2 g5 41. hxg5+ hxg5 42. c4 f4 43. gxf4 gxf4 44. Nd5+ Ke5 45. Nb4 f3+ 46. Kd2 Kd4 47. Nc6+ Kc5 48. Na5 Rb8 49. Ke3 Rb6 50. Kxf3 Kd4 51. c5 Rb8 52. Nc6+ Kd3 53. Nxb8 Kxc2 54. c6 Nc4 55. c7 Nb6 56. Nd7 Nc8 57. Nc5 Kb2 58. Nxa4+ Kxa3 59. Nc3 Kb4 60. Nd5+ Kc5 61. Ke4 Kd6 62. f4 Ke6 63. f5+ Kd6 64. Kd4 Na7 65. Kc4 Kc6 66. f6 Kd6 67. f7 1-0


[Site "https://www.chess.com"]

[Event "Titled Tuesday Blitz March 08 Late 2022"]
[White "Baker, Chris W"]
[Black "Korchmar, Vasiliy"]
[WhiteFideId "401676"]
[BlackFideId "24131750"]
[WhiteElo "2270"]
[BlackElo "2370"]
[Result "0-1"]
[Round "02"]
[TimeControl "180+1"]
[Date "2022.03.09"]
[WhiteClock "0:00:01"]
[BlackClock "0:00:04"]

1. c4 Nf6 2. Nf3 g6 3. g3 Bg7 4. Bg2 O-O 5. O-O d6 6. d3 e5 7. Nc3 Nc6 8. Rb1 a5 9. a3 h6 10. b4 axb4 11. axb4 Ne7 12. Bb2 c6 13. Qc2 Be6 14. Ra1 Qd7 15. Rxa8 Rxa8 16. Ra1 Rc8 17. Ra7 Qc7 18. Qa4 d5 19. cxd5 Nfxd5 20. Ra8 Rxa8 21. Qxa8+ Kh7 22. Ne4 Nxb4 23. Nc5 Bc8 24. Qa1 f6 25. Qa7 Nbd5 26. Nd2 b6 27. Qxc7 Nxc7 28. Nce4 Be6 29. Nd6 Bd5 30. N2c4 Bxg2 31. Kxg2 Ned5 32. Nc8 b5 33. Na5 c5 34. Nd6 Bf8 35. Ne4 Ne6 36. Nc6 Kg7 37. e3 Nb4 38. Nxb4 cxb4 39. Kf1 Nc5 40. Nxc5 Bxc5 41. Ke2 Kf7 42. Kd1 Ke6 43. Kc2 Kd5 44. Kb3 Bd6 45. Bc1 f5 46. Bd2 g5 47. Bxb4 Bc7 48. Bd2 Bd6 49. Bc3 h5 50. Bd2 g4 51. Bc3 Be7 52. Bd2 Bf8 53. Bc3 Bd6 54. Bd2 Kc6 55. Bc3 Kd5 56. Bd2 Bc7 57. Bc3 Kc6 58. Bd2 Bd8 59. Bc3 Kd5 60. Kb4 h4 61. Kxb5 h3 62. Bb4 Bc7 63. Bc3 f4 0-1


[Site "https://www.chess.com"]

[Event "Titled Tuesday Blitz March 08 Late 2022"]
[White "Beerdsen, Thomas"]
[Black "Silva, Miguel Antonio Neto"]
[WhiteFideId "1030108"]
[BlackFideId "1911929"]
[WhiteElo "2585"]
[BlackElo "2204"]
[Result "1-0"]
[Round "02"]
[TimeControl "180+1"]
[Date "2022.03.08"]
[WhiteClock "0:00:10"]
[BlackClock "0:00:18"]

1. e4 e5 2. Nf3 Nc6 3. d4 exd4 4. Bc4 Nf6 5. O-O Nxe4 6. Nc3 dxc3 7. Bxf7+ Kxf7 8. Qd5+ Kf6 9. Re1 Ne7 10. Qxe4 Kf7 11. Bg5 d6 12. Qc4+ d5 13. Qxc3 h6 14. Ne5+ Kg8 15. Bh4 g5 16. Bg3 c6 17. Re2 Nf5 18. Rae1 Qf6 19. Qd3 Bd6 20. Ng4 Qg6 21. Re8+ Kg7 22. Rxh8 Kxh8 23. Bxd6 Qxd6 24. Re8+ Kg7 25. Qc3+ d4 26. Qb3 Qd5 27. Qa3 c5 28. Re5 Qf7 29. Rxc5 b6 30. Rc6 Bb7 31. Rf6 Qxf6 32. Nxf6 Kxf6 33. g4 Ng7 34. c3 Ne6 35. cxd4 Rd8 36. h4 Rxd4 37. hxg5+ hxg5 38. f3 Rd2 39. Qc3+ Ke7 40. Qxd2 Bxf3 41. a4 Bxg4 42. Qb4+ Kf6 43. Qxg4 Nf4 44. a5 bxa5 45. Qc8 Ne2+ 46. Kh2 Nd4 47. Qa6+ Ke5 48. Qxa5+ Kf4 49. Qxa7 Nf3+ 50. Kh1 g4 51. Qb8+ Ke3 52. b4 1-0


[Site "https://www.chess.com"]

[Event "Titled Tuesday Blitz March 08 Late 2022"]
[White "Bellahcene, Bilel"]
[Black "Rudzinska, Michalina"]
[WhiteFideId "696358"]
[BlackFideId "1172883"]
[WhiteElo "2562"]
[BlackElo "1904"]
[Result "1-0"]
[Round "02"]
[TimeControl "180+1"]
[Date "2022.03.09"]
[WhiteClock "0:01:11"]
[BlackClock "0:01:28"]

1. d4 e5 2. dxe5 Nc6 3. Nf3 Nge7 4. g3 Ng6 5. Bg2 Ngxe5 6. Nxe5 Nxe5 7. O-O Bc5 8. c3 Qe7 9. Nd2 O-O 10. Nf3 d6 11. Nxe5 dxe5 12. Qc2 c6 13. b4 Bb6 14. a4 Be6 15. c4 Bd4 16. Rb1 a5 17. e3 Bb6 18. c5 Ba7 19. Ba3 axb4 20. Bxb4 Rfd8 21. Rfd1 Bg4 22. Rd6 Rxd6 23. cxd6 Qd7 24. Bc5 Bxc5 25. Qxc5 Rxa4 26. Bxc6 Qd8 27. Bxa4 Bf3 28. d7 1-0


[Site "https://www.chess.com"]

[Event "Titled Tuesday Blitz March 08 Late 2022"]
[White "Bluebaum, Matthias"]
[Black "Ozates, Tuna"]
[WhiteFideId "24651516"]
[BlackFideId "6354521"]
[WhiteElo "2550"]
[BlackElo "1887"]
[Result "1-0"]
[Round "02"]
[TimeControl "180+1"]
[Date "2022.03.09"]
[WhiteClock "0:02:41"]
[BlackClock "0:02:32"]

1. b3 c5 2. Bb2 Nc6 3. Nf3 d6 4. d4 cxd4 5. Nxd4 Nf6 6. g3 Bd7 7. Bg2 Rc8 8. c4 Nxd4 9. Qxd4 b6 10. Nc3 Bc6 11. Nd5 Bxd5 12. cxd5 g6 13. Qa4+ Qd7 14. Qxd7+ Kxd7 15. Bh3+ Kd8 16. Bxc8 Kxc8 17. Bxf6 exf6 18. Rc1+ Kd7 19. Kd2 f5 20. Rc2 Be7 21. Rhc1 Bd8 22. e3 h5 23. Rc8 b5 24. Kd3 h4 25. Ra8 hxg3 26. Rxa7+ Ke8 27. hxg3 Rh2 28. Rc8 1-0


[Site "https://www.chess.com"]

[Event "Titled Tuesday Blitz March 08 Late 2022"]
[White "Bortnyk, Olexandr"]
[Black "Pinheiro, Iung Alicio de O."]
[WhiteFideId "14120828"]
[BlackFideId "2104350"]
[WhiteElo "2723"]
[BlackElo "2612"]
[Result "1-0"]
[Round "02"]
[TimeControl "180+1"]
[Date "2022.03.08"]
[WhiteClock "0:00:06"]
[BlackClock "0:00:04"]

1. e4 c5 2. c3 Nf6 3. e5 Nd5 4. d4 e6 5. Nf3 d6 6. Bc4 cxd4 7. cxd4 Nb6 8. Bd3 dxe5 9. dxe5 N8d7 10. O-O Nc5 11. Bb5+ Bd7 12. Qe2 Bxb5 13. Qxb5+ Qd7 14. Nc3 Be7 15. Rd1 Qxb5 16. Nxb5 O-O 17. Be3 Nd5 18. Bd4 a6 19. Nc3 Nxc3 20. Bxc3 Rfd8 21. Ba5 Rxd1+ 22. Rxd1 Kf8 23. Kf1 Ke8 24. Ke2 Rc8 25. Rc1 Kd7 26. Rd1+ Ke8 27. Rc1 Kd7 28. Bb4 b6 29. h3 f6 30. exf6 gxf6 31. Rd1+ Ke8 32. Nd4 Kf7 33. Rc1 Rd8 34. Nc6 Rd5 35. Nxe7 Kxe7 36. Rc3 a5 37. Bxc5+ bxc5 38. Rc4 Re5+ 39. Kf3 Rf5+ 40. Ke2 Re5+ 41. Kf1 Rd5 42. Ra4 Rd2 43. b3 Rc2 44. Rxa5 c4 45. bxc4 Rxc4 46. Ra8 Rc2 47. a4 h5 48. a5 Ra2 49. a6 Kf7 50. a7 Kg7 51. g3 e5 52. g4 hxg4 53. hxg4 Ra4 54. Ke2 Ra3 55. Kd2 Ra1 56. Ke3 Ra6 57. Ke4 Ra1 58. Kf5 Ra5 59. Ke6 Ra6+ 60. Ke7 Ra1 61. Kd6 Ra6+ 62. Kd5 Ra1 63. Ke6 Ra6+ 64. Kf5 Ra1 65. g5 fxg5 66. Kxg5 Ra2 67. Kg4 Ra4+ 68. Kf5 Ra5 69. Ke6 Kh7 70. Kf6 e4 71. Kf7 Ra1 72. Ke6 Ra5 73. Kf6 Ra3 74. Kf5 Ra4 75. Kf4 Kg7 76. Ke5 Kh7 77. Kd5 Kg7 78. Kc5 Ra1 79. Kb6 Rb1+ 80. Kc6 Rc1+ 81. Kd5 Ra1 82. Kxe4 Ra4+ 83. Kf3 Kh7 84. Kg3 Kg7 85. f4 Kh7 86. f5 1-0


[Site "https://www.chess.com"]

[Event "Titled Tuesday Blitz March 08 Late 2022"]
[White "Calcada, Lucas Galvan"]
[Black "Dolzhykova, Kateryna"]
[WhiteFideId "22746099"]
[BlackFideId "14113414"]
[WhiteElo "1402"]
[BlackElo "2184"]
[Result "0-1"]
[Round "02"]
[TimeControl "180+1"]
[Date "2022.03.09"]
[WhiteClock "0:00:45"]
[BlackClock "0:01:55"]

1. e4 c5 2. Nf3 Nc6 3. d4 cxd4 4. Nxd4 Nf6 5. Nc3 e5 6. Ndb5 Bc5 7. Nd5 Nxd5 8. exd5 Nd4 9. Nxd4 Bxd4 10. c3 Bb6 11. Be2 O-O 12. O-O d6 13. c4 f5 14. Kh1 f4 15. Bf3 Bf5 16. Qe2 Qe7 17. Bxf4 Rae8 18. Bg3 Qg5 19. b4 e4 20. Bh5 g6 21. Bxd6 Rf6 22. Bxg6 Rxg6 23. Bg3 h5 24. h4 Qg4 25. Qxg4 Rxg4 26. Kh2 Bd8 27. Rae1 Bxh4 28. Bxh4 Rxh4+ 29. Kg1 Bg6 30. Re3 Kg7 31. f3 exf3 32. Rexf3 Rxc4 33. Rg3 Rxb4 34. Rf5 Rg4 35. Rxg4 hxg4 36. Rg5 Re4 37. Rxg4 Rxg4 0-1


[Site "https://www.chess.com"]

[Event "Titled Tuesday Blitz March 08 Late 2022"]
[White "Cardoso Cardoso, Jose Gabriel"]
[Black "Hnydiuk, Aleksander"]
[WhiteFideId "4430492"]
[BlackFideId "1109057"]
[WhiteElo "2451"]
[BlackElo "2374"]
[Result "1-0"]
[Round "02"]
[TimeControl "180+1"]
[Date "2022.03.08"]
[WhiteClock "0:00:07"]
[BlackClock "0:00:02"]

1. c4 Nf6 2. Nc3 c5 3. Nf3 e6 4. d4 cxd4 5. Nxd4 Bb4 6. g3 O-O 7. Bg2 d5 8. O-O dxc4 9. Bf4 Qe7 10. Nc2 Rd8 11. Qc1 Ba5 12. Ne3 Bxc3 13. Qxc3 Nd5 14. Qxc4 Nxf4 15. Qxf4 Nc6 16. Rfd1 Bd7 17. Qc7 Be8 18. Qxe7 Nxe7 19. Bxb7 Rab8 20. Rxd8 Rxd8 21. Rc1 Bb5 22. Rc2 a5 23. Bf3 Ng6 24. Rc5 Rb8 25. b3 a4 26. bxa4 Bxa4 27. Ra5 Be8 28. a4 Kf8 29. Kg2 Rb2 30. Ra8 Ke7 31. a5 Ne5 32. a6 Nxf3 33. exf3 Ra2 34. Ra7+ Kf6 35. Nc4 Bb5 36. Nd6 Bxa6 37. Rxf7+ Kg6 38. Re7 Re2 39. Ne4 Kf5 40. Rxg7 1-0


[Site "https://www.chess.com"]

[Event "Titled Tuesday Blitz March 08 Late 2022"]
[White "Celestino, Rafael Teixeira"]
[Black "Bashirli, Nail"]
[WhiteFideId "2108925"]
[BlackFideId "13406809"]
[WhiteElo "2287"]
[BlackElo "2333"]
[Result "0-1"]
[Round "02"]
[TimeControl "180+1"]
[Date "2022.03.09"]
[WhiteClock "0:00:19"]
[BlackClock "0:00:48"]

1. e4 e6 2. d4 d5 3. Bd3 Nf6 4. e5 Nfd7 5. Nf3 c5 6. c3 Nc6 7. O-O Be7 8. g3 O-O 9. h4 cxd4 10. cxd4 f6 11. exf6 Bxf6 12. Ng5 Bxg5 13. Bxg5 Qb6 14. Qh5 h6 15. Bxh6 Qxd4 16. Be3 Qxd3 17. Nd2 Qf5 18. Qe2 Nf6 19. Bg5 e5 20. Rae1 Bd7 21. Qb5 Nd4 22. Qxb7 Bc6 23. Qe7 Rfe8 24. Qc5 Rac8 25. Qxa7 Ne4 26. Nxe4 Nf3+ 27. Kg2 Nxe1+ 28. Rxe1 dxe4 29. Be3 Bd5 30. Rd1 Qf3+ 31. Kh3 Qxd1 32. Qd7 Be6+ 0-1


[Site "https://www.chess.com"]

[Event "Titled Tuesday Blitz March 08 Late 2022"]
[White "Chernomordik, Pavel"]
[Black "Djordjevic, Vuk"]
[WhiteFideId "2804530"]
[BlackFideId "902098"]
[WhiteElo "2463"]
[BlackElo "2712"]
[Result "0-1"]
[Round "02"]
[TimeControl "180+1"]
[Date "2022.03.09"]
[WhiteClock "0:00:49"]
[BlackClock "0:01:13"]

1. e4 e6 2. Nc3 d5 3. d4 Bb4 4. Ne2 dxe4 5. a3 Bxc3+ 6. Nxc3 Nc6 7. Be3 Nf6 8. Bb5 Bd7 9. Bg5 h6 10. Bh4 a6 11. Bc4 g5 12. Bg3 Ne7 13. h4 gxh4 14. Bxh4 Nf5 15. Nxe4 Nxh4 16. Rxh4 Bc6 17. f3 Nxe4 18. Rxe4 Bxe4 19. fxe4 Qh4+ 20. Kd2 Qxe4 21. Kc3 O-O-O 22. Qd2 Rhg8 23. Re1 Rg3+ 24. Kb4 Qxd4 0-1


[Site "https://www.chess.com"]

[Event "Titled Tuesday Blitz March 08 Late 2022"]
[White "Chigaev, Maksim"]
[Black "Martin Barcelo, Carles"]
[WhiteFideId "4108116"]
[BlackFideId "24561444"]
[WhiteElo "2502"]
[BlackElo "1875"]
[Result "1-0"]
[Round "02"]
[TimeControl "180+1"]
[Date "2022.03.09"]
[WhiteClock "0:00:08"]
[BlackClock "0:00:01"]

1. d4 Nf6 2. Nf3 g6 3. c4 Bg7 4. Nc3 O-O 5. e4 d6 6. Be2 e5 7. O-O Bg4 8. d5 a5 9. h3 Bd7 10. c5 Ne8 11. cxd6 Nxd6 12. Bg5 f6 13. Be3 b5 14. a3 Na6 15. Qc2 f5 16. Rfe1 f4 17. Bd2 g5 18. Nh2 Qe8 19. Qd1 a4 20. Bh5 Qe7 21. Bg4 Nc5 22. Bxd7 Qxd7 23. Qh5 Qe7 24. Nf3 h6 25. Re2 Nc4 26. Be1 Rab8 27. Na2 Nb3 28. Rd1 Qf7 29. Qxf7+ Kxf7 30. Nb4 Nca5 31. Bc3 Rfd8 32. Nxe5+ Bxe5 33. Bxe5 Rbc8 34. Rf1 Nc4 35. Bc3 c5 36. dxc6 Nba5 37. h4 Nxc6 38. hxg5 hxg5 39. Nd5 N6e5 40. f3 1-0


[Site "https://www.chess.com"]

[Event "Titled Tuesday Blitz March 08 Late 2022"]
[White "Chyngyz, Sultai"]
[Black "Batsiashvili, Nino"]
[WhiteFideId "13803158"]
[BlackFideId "13602993"]
[WhiteElo "1365"]
[BlackElo "2192"]
[Result "1/2-1/2"]
[Round "02"]
[TimeControl "180+1"]
[Date "2022.03.09"]
[WhiteClock "0:00:08"]
[BlackClock "0:00:09"]

1. e4 c6 2. d4 d5 3. exd5 cxd5 4. Bd3 Nf6 5. Bf4 g6 6. c3 Bg7 7. Nf3 O-O 8. Nbd2 Bf5 9. Bxf5 gxf5 10. O-O e6 11. Nb3 Ne4 12. Nfd2 Nc6 13. Nxe4 fxe4 14. Qg4 f5 15. Qg3 Qf6 16. Nc5 Rf7 17. h4 b6 18. Na6 Qg6 19. Qxg6 hxg6 20. Nc7 Rc8 21. Nxe6 Re7 22. Ng5 Bf6 23. Rac1 Na5 24. b3 b5 25. g3 Ree8 26. Kg2 Rc6 27. h5 gxh5 28. Rh1 Rec8 29. Rxh5 Rxc3 30. Rxc3 Rxc3 31. Bd2 b4 32. Bxc3 bxc3 33. Ne6 Kf7 34. Nf4 Bxd4 35. Rxf5+ Ke7 36. Nxd5+ Kd6 37. Nb4 Nc6 38. Nc2 Bc5 39. Rf6+ Kd5 40. g4 Nb4 41. Ne3+ Bxe3 42. fxe3 c2 43. Rf1 Nd3 44. g5 c1=Q 45. Rxc1 Nxc1 46. Kg3 Nxa2 47. Kf4 Ke6 48. Kxe4 Nc1 49. b4 Na2 50. Kf4 Nxb4 51. e4 Nc6 52. Ke3 a5 53. Kd3 a4 54. Kc3 Ke5 55. Kd3 Ne7 56. Kc3 Kxe4 57. Kb4 Kf5 58. Kxa4 Kxg5 1/2-1/2


[Site "https://www.chess.com"]

[Event "Titled Tuesday Blitz March 08 Late 2022"]
[White "Corallo, Michael"]
[Black "Leiva, Gianmarco"]
[WhiteFideId "2024152"]
[BlackFideId "3804399"]
[WhiteElo "2347"]
[BlackElo "2696"]
[Result "0-1"]
[Round "02"]
[TimeControl "180+1"]
[Date "2022.03.09"]
[WhiteClock "0:00:03"]
[BlackClock "0:00:04"]

1. e4 c5 2. Nf3 d6 3. d4 cxd4 4. Nxd4 Nf6 5. Nc3 a6 6. Bg5 e6 7. f4 Be7 8. Qf3 Qc7 9. O-O-O Nbd7 10. g4 h6 11. Bxf6 Bxf6 12. h4 Nb6 13. g5 Bxd4 14. Rxd4 Qc5 15. Qd3 hxg5 16. Rxd6 Ke7 17. e5 gxf4 18. Ne4 Qa5 19. Bg2 Nd7 20. Rxd7+ Bxd7 21. Qd6+ Ke8 22. Rd1 Bc6 23. Nf6+ gxf6 24. exf6 Qd8 25. Bxc6+ bxc6 26. Qxc6+ Kf8 27. Rxd8+ Rxd8 28. Qc7 Re8 29. Qd6+ Kg8 30. Qxf4 Rh7 31. Qg3+ Kh8 32. Qd3 Rxh4 33. Qxa6 Rh6 34. Qf1 Rg8 35. b3 Rgg6 36. Kb2 Rxf6 37. Qd3 e5 38. a4 Rd6 39. Qe4 Rhe6 40. Qh4+ Kg7 41. Qg5+ Kf8 42. a5 e4 43. Qe3 Rd5 44. b4 Rf5 45. b5 Rxb5+ 46. Kc3 Rxa5 47. Qb6 Rf5 48. Qd8+ Kg7 49. Qh4 e3 50. Qg4+ Kf6 51. Qe2 Rf2 52. Kd3 Rxe2 53. Kxe2 Kf5 0-1


[Site "https://www.chess.com"]

[Event "Titled Tuesday Blitz March 08 Late 2022"]
[White "Cori T., Deysi"]
[Black "Moussard, Jules"]
[WhiteFideId "3801934"]
[BlackFideId "642908"]
[WhiteElo "2341"]
[BlackElo "2557"]
[Result "1-0"]
[Round "02"]
[TimeControl "180+1"]
[Date "2022.03.08"]
[WhiteClock "0:00:04"]
[BlackClock "0:01:09"]

1. d4 Nf6 2. Nf3 e6 3. e3 c5 4. Bd3 Nc6 5. O-O d5 6. c4 dxc4 7. Bxc4 cxd4 8. exd4 Be7 9. Nc3 O-O 10. a3 b6 11. Bg5 Bb7 12. Rc1 Rc8 13. Ba2 h6 14. Bh4 Nh5 15. Bxe7 Nxe7 16. Bb1 Nf4 17. Qd2 Nfd5 18. Ne2 Qd6 19. Ne5 f6 20. Ng4 Nf5 21. Ng3 Qf4 22. Qxf4 Nxf4 23. Rxc8 Rxc8 24. Nxf5 exf5 25. Bxf5 Rd8 26. d5 Bxd5 27. Rd1 Re8 28. Ne3 Bf7 29. Rd7 Nd5 30. Rxa7 Nxe3 31. fxe3 g6 32. Bd3 Rxe3 33. Rd7 Re1+ 34. Kf2 Rd1 35. Ke3 Kf8 36. Rd6 Ke7 37. Rxb6 g5 38. h3 Rg1 39. Be4 Re1+ 40. Kd4 Rd1+ 41. Ke3 Re1+ 42. Kd4 Be6 43. a4 f5 44. Bf3 g4 45. hxg4 fxg4 46. Be4 Rd1+ 47. Ke3 Re1+ 48. Kf4 Ra1 49. Ra6 Rf1+ 50. Ke5 Bc4 51. Ra7+ Kd8 52. a5 h5 53. Kd6 Rd1+ 54. Kc6 Rc1 55. Kd6 Rd1+ 56. Kc6 Bf1 57. a6 Ra1 58. Ra8+ Ke7 59. a7 h4 60. Kb6 Ra6+ 61. Kb7 Ra4 62. Rh8 Rb4+ 63. Kc7 Rc4+ 64. Kb6 Rb4+ 65. Kc5 Rb5+ 66. Kc6 Ra5 67. a8=Q Rxa8 68. Rxa8 Kf6 69. Rh8 Kg5 70. b4 Be2 71. b5 Kf4 72. b6 Kxe4 73. b7 Kf4 74. b8=Q+ Ke3 75. Qe5+ Kf2 76. Rf8+ Ke1 77. Qe3 g3 78. Qc1+ Bd1 79. Re8+ Kf2 80. Qxd1 Kxg2 81. Qe2+ Kh3 82. Rg8 g2 83. Qxg2# 1-0


[Site "https://www.chess.com"]

[Event "Titled Tuesday Blitz March 08 Late 2022"]
[White "Csonka, Balazs"]
[Black "Xiong, Jeffery"]
[WhiteFideId "742910"]
[BlackFideId "2047640"]
[WhiteElo "2404"]
[BlackElo "2727"]
[Result "1/2-1/2"]
[Round "02"]
[TimeControl "180+1"]
[Date "2022.03.08"]
[WhiteClock "0:00:03"]
[BlackClock "0:00:03"]

1. d4 d5 2. Nf3 Nf6 3. c4 e6 4. Nc3 c6 5. Bg5 dxc4 6. e4 h6 7. Bxf6 Qxf6 8. Bxc4 Nd7 9. O-O e5 10. d5 Nb6 11. Bb3 Bg4 12. h3 Bxf3 13. Qxf3 Qxf3 14. gxf3 Bc5 15. Rac1 Rc8 16. dxc6 bxc6 17. Rc2 Ke7 18. Rfc1 Bd4 19. Ne2 Kd6 20. Bxf7 Rhf8 21. Bh5 c5 22. h4 Rc7 23. Kg2 Rf6 24. f4 Rxf4 25. Nxf4 exf4 26. Be2 a5 27. b3 Nd7 28. Bb5 Ne5 29. f3 g5 30. hxg5 Rg7 31. Rh1 Rxg5+ 32. Kf1 Nxf3 33. Rxh6+ Ke5 34. Rg2 Rxg2 35. Kxg2 Nd2 36. Bd3 f3+ 37. Kg3 Be3 38. Rh5+ Kd4 39. Rd5+ Kc3 40. e5 Bd4 41. e6 Kxd3 42. e7 f2 43. Rf5 Ne4+ 44. Kg2 Nd6 45. Rf8 Kc2 46. Rd8 Bf6 47. Rxd6 Bxe7 48. Rc6 Kb2 49. Rb6 Kxa2 50. Rb5 Ka3 51. Kxf2 Bd6 52. Rxa5+ Kxb3 53. Rxc5 Bxc5+ 1/2-1/2


[Site "https://www.chess.com"]

[Event "Titled Tuesday Blitz March 08 Late 2022"]
[White "Cupid, Kevin"]
[Black "Mortazavi, Ali"]
[WhiteFideId "7700512"]
[BlackFideId "401323"]
[WhiteElo "2096"]
[BlackElo "2339"]
[Result "1/2-1/2"]
[Round "02"]
[TimeControl "180+1"]
[Date "2022.03.09"]
[WhiteClock "0:00:10"]
[BlackClock "0:00:13"]

1. Nf3 Nf6 2. d4 g6 3. c4 Bg7 4. Nc3 O-O 5. Bg5 d6 6. e3 c5 7. Be2 cxd4 8. Nxd4 Nc6 9. O-O Bd7 10. Rc1 Rc8 11. h3 Qa5 12. Bh4 a6 13. a3 Rfe8 14. Nc2 Ne5 15. b4 Qd8 16. Bxf6 Bxf6 17. Nd5 Bg7 18. Nd4 e6 19. Nf4 b6 20. Qb3 Qc7 21. Rc2 Qb8 22. Rfc1 Nc6 23. Nf3 Rcd8 24. Rd1 Bc8 25. Rcd2 Bb7 26. Qa4 Qa8 27. Rxd6 Rxd6 28. Rxd6 Bf8 29. Rd7 Qc8 30. Qd1 Bg7 31. Qd6 Rd8 32. Rxd8+ Nxd8 33. Qxb6 h6 34. Nd3 Qd7 35. Nfe5 Bxe5 36. Nxe5 Qd2 37. Bf3 Bxf3 38. gxf3 Kg7 39. Kg2 g5 40. Qd4 Qxd4 41. exd4 Kf6 42. Kg3 Ke7 43. f4 f6 44. Nd3 Nc6 45. d5 exd5 46. cxd5 Nd4 47. fxg5 hxg5 48. f4 Ne2+ 49. Kf3 Ng1+ 50. Kg2 Ne2 51. Kf2 Nc3 52. fxg5 fxg5 53. Kf3 Nxd5 54. Ke4 Nb6 55. Ke5 Nc4+ 56. Kf5 Nxa3 57. Nc5 Nb5 58. Nxa6 Nd4+ 59. Kxg5 Kd7 60. Kg6 Kc6 61. h4 Ne6 62. h5 Nf4+ 63. Kg5 Nxh5 64. Kxh5 Kb5 65. Kg5 Kxa6 66. Kf4 Kb5 67. Ke4 Kc4 68. Ke5 Kxb4 1/2-1/2


[Site "https://www.chess.com"]

[Event "Titled Tuesday Blitz March 08 Late 2022"]
[White "Debray, Christopher"]
[Black "P., Komal Kishore"]
[WhiteFideId "630810"]
[BlackFideId "5016703"]
[WhiteElo "2393"]
[BlackElo "2143"]
[Result "1-0"]
[Round "02"]
[TimeControl "180+1"]
[Date "2022.03.09"]
[WhiteClock "0:02:02"]
[BlackClock "0:00:07"]

1. d4 c6 2. e4 d5 3. Nc3 dxe4 4. Nxe4 Bf5 5. Ng3 Bg6 6. h4 h6 7. Nh3 e6 8. Nf4 Bh7 9. Bc4 Bd6 10. Ngh5 Bxf4 11. Bxf4 g6 12. Ng3 Nf6 13. Bxh6 Nbd7 14. Bg5 Qb6 15. Bb3 O-O-O 16. Qd2 Kb8 17. O-O-O Ka8 18. Qf4 Nd5 19. Qxf7 e5 20. Bxd8 Qxd8 21. Bxd5 cxd5 22. Qxd5 1-0


[Site "https://www.chess.com"]